 Dungeon Sprint DCSS version 0.27-a0-1256-gced786f65e (webtiles) character file.

Game seed: 7458959621659275075

1255 rocky1 the Blocker (level 8, -4/73 HPs)
             Began as a Minotaur Fighter on June 11, 2021.
             Was a Believer of Qazlal.
             Slain by Snorg (12 damage)
             ... in the Dungeon (Sprint III: "The Ten Rune Challenge").
             The game lasted 00:06:18 (1474 turns).

rocky1 the Blocker (Minotaur Fighter)               Turns: 1474, Time: 00:06:19

Health: -4/73      AC:  7    Str: 24    XL:     8   Next: 26%
Magic:  11/11      EV: 11    Int:  5    God:    Qazlal [**....]
Gold:   19         SH: 16    Dex:  9    Spells: 7/7 levels left

rFire    . . .     SeeInvis .   r - +1 long sword (holy)
rCold    . . .     Faith    .   c - +0 kite shield
rNeg     . . .     Spirit   .   b - +0 scale mail
rPois    .         Reflect  .   (helmet restricted)
rElec    .         Harm     .   (no cloak)
rCorr    .         Rampage  .   (no gloves)
Will     .....     NoTele   +   (no boots)
Stlth    ..........             (no amulet)
HPRegen  0.22/turn              (no ring)
MPRegen  0.12/turn              (no ring)

@: mighty
A: horns 2, retaliatory headbutt
a: Renounce Religion, Upheaval


You were in the Dungeon.
You worshipped Qazlal.
Qazlal was pleased with you.
You visited 1 branch You collected 19 gold pieces.

Inventory:

Hand Weapons
 q - a +0 hunting sling
 r - a +1 long sword of holy wrath (weapon)
Missiles
 l - 26 stones (quivered)
Armour
 b - a +0 scale mail (worn)
 c - a +0 kite shield (worn)
Wands
 p - a wand of polymorph (9)
Scrolls
 j - a scroll of blinking
 k - 7 scrolls of identify
 n - 3 scrolls of immolation {unknown}
Potions
 e - 3 potions of curing
 f - 2 potions of heal wounds
 g - 2 potions of haste
 h - 2 potions of magic
 m - 3 potions of mutation {unknown}
 o - 2 potions of flight
Miscellaneous
 i - a lightning rod (4/4)


   Skills:
 + Level 7.0 Fighting
 + Level 12.6 Long Blades
 + Level 6.8 Armour
 + Level 5.1 Dodging
 + Level 12.9 Shields
 + Level 5.8 Invocations


You had 7 spell levels left.
You didn't know any spells.
Your spell library contained the following spells:

 Spells                   Type           Power      Damage    Failure   Level
 Magic Dart               Conj           0%         1d3       83%         1
 Summon Small Mammal      Summ           0%         N/A       83%         1
 Call Imp                 Summ           0%         N/A       93%         2
 Searing Ray              Conj           0%         3d3       93%         2
 Call Canine Familiar     Summ           0%         N/A       99%         3
 Dazzling Flash           Conj/Hex       0%         N/A       99%         3
 Summon Guardian Golem    Hex/Summ       0%         N/A       99%         3
 Fulminant Prism          Conj/Hex       0%         3d6       100%        4
 Iskenderun's Mystic Bla  Conj/Tloc      0%         2d3       100%        4
 Summon Ice Beast         Ice/Summ       0%         N/A       100%        4
 Summon Lightning Spire   Summ/Air       0%         N/A       100%        4


Dungeon Overview and Level Annotations

Branches:
Dungeon (1/1)

Altars:
Cheibriados
Dithmenos
Elyvilon
Fedhas
Gozag
Hepliaklqana
Kikubaaqudgha
Makhleb
Nemelex Xobeh
Okawaru
Qazlal
Ru
Sif Muna
Trog
Uskayaw
Vehumet
Wu Jian
Xom
Yredelemnul
Zin
The Shining One
Beogh
Jiyva
Lugonu

Annotations:
D Snorg


Innate Abilities, Weirdness & Mutations

You have a pair of horns on your head.
You reflexively headbutt those who attack you in melee.


Message History

You start resting.
Your extra speed is starting to run out.
You start resting.
You feel yourself slow down.
You start resting.
You feel a little less mighty now.
You start resting.
HP restored.
Setting a skill training target for Long Blades at 14.0.
Setting a skill training target for Shields at 15.0.
There is an open door, spattered with blood here.
You open the door.
There is an open door here.
You hear a shout!
Snorg the Insatiable comes into view.
You feel very mighty all of a sudden.
You slash Snorg!
Snorg is lightly wounded.
Snorg goes berserk!
You hit Snorg.
Snorg is moderately wounded.
Snorg misses you. You block Snorg's attack. Snorg closely misses you.
You slash Snorg! Your headbutt misses Snorg.
Snorg is moderately wounded.
Snorg bites you but does no damage. Snorg misses you. Snorg claws you!!
Snorg misses you. Snorg closely misses you. Snorg claws you!!
You slice Snorg!!
Snorg is heavily wounded.
You block Snorg's attack. x2; Snorg misses you.
You barely miss Snorg. Your headbutt misses Snorg.
Snorg is heavily wounded.
Snorg closely misses you. You furiously retaliate!
You headbutt Snorg! You block Snorg's attack. Snorg claws you!!
* * * LOW HITPOINT WARNING * * *
You slash Snorg! You headbutt Snorg!
Snorg is severely wounded.
Snorg bites you!
* * * LOW HITPOINT WARNING * * *
You block Snorg's attack. Snorg claws you!
You die...

..#..)#__.#._#
♣♣♣.###'#'###)##
.♣..#..........#
.♣..'.⌠........#
≈.♣.#...######'#
....#.⌠.#__#...#+#####
....#...#__#...#..§≈≈+
....#)###__#...#T#≈≈≈#
....#...#__#...'@#.§§#
....#___#__'...#.#.§
▓▓▓▓▓▓▓▓▓▓▓▓▓▓▓▓▓▓▓▓


You could see Snorg (berserk).

Vanquished Creatures
  A deep elf pyromancer (D)
  A shadow (D)
  A spatial vortex (D)
  A necrophage (D)
  A water elemental (D)
  A jelly (D)
  A wizard (D)
  Jessica (D)
  A necromancer (D)
  3 humans (D)
  A kobold demonologist (D)
  A phantom (D)
  2 endoplasms (D)
16 creatures vanquished.

Vanquished Creatures (others)
  2 plants (D)
2 creatures vanquished.

Grand Total: 18 creatures vanquished

Notes
Turn   | Place    | Note
-------+----------+-------------------------------------------
     0 | D        | rocky1 the Minotaur Fighter began the quest for the Orb.
     0 | D        | Reached XP level 1. HP: 19/19 MP: 0/0
    68 | D        | Noticed Jessica
    73 | D        | Killed Jessica
    74 | D        | Reached skill level 5 in Long Blades
    74 | D        | Reached XP level 2. HP: 11/26 MP: 1/1
    74 | D        | Reached XP level 3. HP: 14/31 MP: 2/2
   508 | D        | Noticed a water elemental
   515 | D        | Killed a water elemental
   516 | D        | Reached XP level 4. HP: 20/39 MP: 3/3
   715 | D        | Reached XP level 5. HP: 39/45 MP: 4/4
   752 | D        | Noticed a shadow
   761 | D        | Killed a shadow
   762 | D        | Reached skill level 10 in Long Blades
   762 | D        | Reached XP level 6. HP: 12/51 MP: 5/5
   993 | D        | Found a blossoming altar of Fedhas.
   993 | D        | Found a stormy altar of Qazlal.
   993 | D        | Found a snail-covered altar of Cheibriados.
   993 | D        | Found a burning altar of Makhleb.
   993 | D        | Found a shimmering altar of Xom.
   994 | D        | Found a hazy altar of Hepliaklqana.
   994 | D        | Found an opulent altar of Gozag.
   994 | D        | Found a sparkling altar of Nemelex Xobeh.
   994 | D        | Found a corrupted altar of Lugonu.
   994 | D        | Found a viscous altar of Jiyva.
   994 | D        | Noticed a spatial vortex
   997 | D        | Became a worshipper of Qazlal Stormbringer
  1006 | D        | Killed a spatial vortex
  1041 | D        | Found a basalt altar of Yredelemnul.
  1041 | D        | Found a shadowy altar of Dithmenos.
  1041 | D        | Found a sacrificial altar of Ru.
  1047 | D        | Reached skill level 1 in Dodging
  1050 | D        | Reached * piety under Qazlal
  1196 | D        | Found a radiant altar of Vehumet.
  1196 | D        | Found a shimmering blue altar of Sif Muna.
  1196 | D        | Found an ancient bone altar of Kikubaaqudgha.
  1201 | D        | Reached XP level 7. HP: 57/60 MP: 8/8
  1328 | D        | Found a glowing silver altar of Zin.
  1328 | D        | Found a glowing golden altar of the Shining One.
  1328 | D        | Found a white marble altar of Elyvilon.
  1329 | D        | Noticed a deep elf pyromancer
  1333 | D        | Noticed a fire elemental
  1335 | D        | Killed a deep elf pyromancer
  1335 | D        | Reached ** piety under Qazlal
  1336 | D        | Reached skill level 5 in Invocations
  1337 | D        | Found a hide-covered altar of Uskayaw.
  1337 | D        | Found an iron altar of Okawaru.
  1337 | D        | Found a bloodstained altar of Trog.
  1337 | D        | Found an ornate altar of the Wu Jian Council.
  1337 | D        | Noticed a human
  1337 | D        | Noticed a human
  1349 | D        | Killed a human
  1350 | D        | Reached XP level 8. HP: 53/71 MP: 8/11
  1356 | D        | Reached skill level 5 in Dodging
  1464 | D        | Noticed Snorg
  1474 | D        | Slain by Snorg

Illustrated notes

Levels and vault maps discovered:
D:        dungeon_sprint_mu [sprint_mu_entry_forest, sprint_mu_temple_rooms,
          sprint_mu_d1_horrors, sprint_mu_d2_genie, sprint_mu_d3_branching,
          sprint_mu_orc_legion, sprint_mu_elf_gauntlet, sprint_mu_hive_nellie,
          sprint_mu_lair_fedhas, sprint_mu_vaults_butterflies,
          sprint_mu_slime_circle, sprint_mu_swamp_cave, sprint_mu_snake_twists,
          sprint_mu_blade_basic, sprint_mu_crypt_lich, sprint_mu_tomb_spiral,
          sprint_mu_vestibule_basic, sprint_mu_gehenna_hellfire,
          sprint_mu_dis_giant, sprint_mu_tartarus_statrot,
          sprint_mu_cocytus_islands, sprint_mu_zot1]

Skill      XL: |  1  2  3  4  5  6  7  8 |
---------------+-------------------------+-----
Long Blades    | 5 8 10 11 12 | 12.6
Shields        | 6 8 9 11 12 | 12.9
Invocations    | 3 5 |  5.8
Fighting       | 4 6 7 |  7.0
Armour         | 4 6 |  6.8
Dodging        | 2 4 5 |  5.1

Action                   |  1- 3 |  4- 6 |  7- 9 || total
-------------------------+-------+-------+-------++-------
Melee: Long sword        |    30 |    27 |    31 ||    88
       Headbutt          |     3 |     5 |     8 ||    16
Throw: Stone             |     8 |       |       ||     8
  Use: Potion            |     1 |       |     3 ||     4
Armor: Scale mail        |     3 |     1 |     3 ||     7
Dodge: Dodged            |     4 |     2 |     7 ||    13
Block: Kite shield       |    12 |     7 |    14 ||    33
       Rpst.: Long sword |     1 |       |       ||     1

Table legend: (Time is in decaauts)
 A = Elapsed time spent in this place.
 B = Non-inter-level travel time spent in this place.
 C = Inter-level travel time spent in this place.
 D = Time resting spent in this place.
 E = Time spent auto-exploring this place.
 F = Levels seen in this place.
 G = Mean time per level.
                   A        B        C        D        E       F      G
               +--------+--------+--------+--------+--------+-----+--------+
         Total |   1478 |   1478 |      0 |   1144 |      0 |   1 | 1478.0 |
       Dungeon |   1478 |   1478 |      0 |   1144 |      0 |   1 | 1478.0 |
               +--------+--------+--------+--------+--------+-----+--------+

Top non-repeatable levels by time:
       D: 1478 daAuts
